 Dungeon Crawl Stone Soup version 0.21-a0-84-g85d6d27 (webtiles) character file.

3262 sscrono2 the Grappler (level 9, -17/92 HPs)
             Began as a Troll Monk on July 6, 2017.
             Demolished by a two-headed ogre
             ... wielding a +0 giant club
              (23 damage)
             ... on level 8 of the Dungeon.
             The game lasted 00:07:10 (4680 turns).

sscrono2 the Grappler (Troll Monk)                  Turns: 4680, Time: 00:07:12

Health: -17/92     AC:  5    Str: 23    XL:     9   Next: 68%
Magic:  8/8        EV: 10    Int: 11    God:
Gold:   343        SH:  0    Dex: 12    Spells: 8/8 levels left

rFire    . . .     SeeInvis .     - Unarmed
rCold    . . .     Gourm    +   (no shield)
rNeg     . . .     Faith    .   a - +0 robe
rPois    .         Spirit   .   (helmet restricted)
rElec    +         Reflect  .   (no cloak)
rCorr    .         Harm     .   (gloves unavailable)
MR       +....                  (boots unavailable)
Stlth    ++........             (no amulet)
HPRegen  0.65/turn              g - +2 ring of strength
MPRegen  0.11/turn              z - ring of protection from magic

@: no status effects
A: unfitting armour, claws 3, clever 1, fast metabolism 3, gourmand,
regeneration 1, shaggy fur 1, electricity resistance, tough skin 2
a: no special abilities


You were on level 8 of the Dungeon.
You were completely stuffed.

You visited 2 branches of the dungeon, and saw 9 of its levels.

You collected 343 gold pieces.

Inventory:

Armour
 a - a +0 robe (worn)
Jewellery
 g - a +2 ring of strength (left claw)
 l - an uncursed ring of positive energy
 n - an uncursed ring of ice
 z - a ring of protection from magic (right claw)
Scrolls
 e - 2 scrolls of blinking
 f - a scroll of amnesia {unknown}
 j - a scroll of fog
 k - 10 scrolls of teleportation
 m - 2 scrolls of magic mapping {unknown}
 r - 4 scrolls of remove curse
 y - a scroll of enchant armour {unknown}
Potions
 i - a potion of mutation {unknown}
 p - a potion of cancellation {unknown}
 q - a potion of brilliance {unknown}
 s - 5 potions of curing {unknown}
 t - a potion of might {unknown}
 u - a potion of ambrosia {unknown}
 v - a potion of magic {unknown}
 x - a potion of flight {unknown}
 A - a potion of agility {unknown}
Books
 w - a book of Maledictions

   Spells                             Type                      Level
   a - Corona                         Hexes                        1
   b - Ensorcelled Hibernation        Hexes/Ice                    2
   c - Confuse                        Hexes                        3
   d - Tukima's Dance                 Hexes                        3
   e - Dazzling Spray                 Conjuration/Hexes            3
Comestibles
 b - 5 bread rations
 h - 3 meat rations
 o - 4 royal jellies


   Skills:
 * Level 6.4 Fighting
 - Level 2.4 Dodging
 - Level 1.0 Stealth
 + Level 11.9 Unarmed Combat


You had 8 spell levels left.
You didn't know any spells.

Dungeon Overview and Level Annotations

Branches:
Dungeon (8/15)             Temple (1/1) D:5
   Lair: D:8-11

Altars:
Ashenzari
Cheibriados
Dithmenos
Elyvilon
Fedhas
Gozag
Hepliaklqana
Kikubaaqudgha
Makhleb
Nemelex Xobeh
Okawaru
Qazlal
Ru
Sif Muna
Trog
Uskayaw
Vehumet
Wu Jian
Xom
Yredelemnul
Zin
The Shining One

Shops:
D:7 %

Annotations:
D:8 Grum


Innate Abilities, Weirdness & Mutations

You are too large for most types of armour.
You have claws for hands.
Your metabolism is lightning-fast.
You like to eat raw meat.
Your natural rate of healing is unusually fast.
You are covered in fur. (AC +1)
You have very tough skin. (AC +2)
Your mind is acute. (Int +2)
You are resistant to electric shocks. (rElec)


Message History

You scratch the wolf.
The wolf is severely wounded.
The wolf bites you! Grum hits you from afar with a spear! The wolf misses you.
You feel much better. The wolf bites you!
The two-headed ogre hits you with a giant club!!
The two-headed ogre hits you with a giant club!
* * * LOW HITPOINT WARNING * * *
Grum hits you from afar with a spear!
* * * LOW HITPOINT WARNING * * *
You hear an angry hiss.
You aren't carrying any items that you can evoke.
You aren't carrying any items that you can evoke.
Unknown command.
You feel much better. The wolf bites you but does no damage.
The wolf bites you!
* * * LOW HITPOINT WARNING * * *
Grum hits you from afar with a spear!
* * * LOW HITPOINT WARNING * * *
The two-headed ogre hits you with a giant club!!
You die...

# #. #. #.#
#..
#..########.
#..O@hh.....
##.###g#.###
#. .. #. .#
.. # #. #.
#.


You could see a two-headed ogre, Grum and 2 wolves.

Vanquished Creatures
  A hippogriff (D:7)
  5 yaks (D:5)
  2 orc warriors (D:6)
  A sky beast (D:7)
  A phantom (D:5)
  An ogre (D:5)
  A wolf (D:8)
  4 centaurs
  3 bullfrogs (D:6)
  2 scorpions
  A howler monkey (D:5)
  A crimson imp (D:7)
  5 hounds
  2 jellies
  8 orc wizards
  A bullfrog skeleton (D:5)
  6 orc priests
  2 centaur skeletons
  Jessica (D:2)
  3 iguanas
  Natasha (D:2)
  4 worker ants
  Robin (D:2)
  4 gnolls (D:2)
  4 adders
  A shadow imp (D:7)
  An ooze (D:2)
  2 adder skeletons
  4 worms
  3 dart slugs
  3 leopard geckos
  21 orcs
  6 bats
  7 giant cockroaches
  14 goblins
  5 hobgoblins
  6 jackals (D:6)
  2 quokkas
  A ball python (D:3)
  3 frilled lizards
  2 jackal skeletons
  A jackal zombie (D:6)
  9 kobolds
  6 rats
162 creatures vanquished.

Vanquished Creatures (others)
  A human (D:2)
1 creature vanquished.

Grand Total: 163 creatures vanquished

Notes
Turn   | Place    | Note
-------+----------+-------------------------------------------
     0 | D:1      | sscrono2 the Troll Monk began the quest for the Orb.
     0 | D:1      | Reached XP level 1. HP: 22/22 MP: 0/0
   151 | D:1      | Reached XP level 2. HP: 29/29 MP: 1/1
   320 | D:1      | Reached skill level 4 in Unarmed Combat
   658 | D:1      | Reached XP level 3. HP: 33/36 MP: 2/2
   790 | D:2      | Found a radiant altar of Vehumet.
   813 | D:2      | Reached XP level 4. HP: 13/44 MP: 3/3
   817 | D:2      | Reached skill level 5 in Unarmed Combat
   821 | D:2      | Found an ancient bone altar of Kikubaaqudgha.
   929 | D:2      | Noticed Natasha
   938 | D:2      | Killed Natasha
  1044 | D:2      | Noticed Jessica
  1051 | D:2      | Killed Jessica
  1051 | D:2      | Reached XP level 5. HP: 50/50 MP: 4/4
  1084 | D:2      | Noticed Robin
  1115 | D:2      | Killed Robin
  1115 | D:2      | Reached skill level 6 in Unarmed Combat
  1348 | D:2      | Noticed a human
  1350 | D:2      | Killed a human
  1428 | D:3      | Found a bloodstained altar of Trog.
  1428 | D:3      | Found an iron altar of Okawaru.
  1428 | D:3      | Found a shadowy altar of Dithmenos.
  1703 | D:3      | Found a faded altar of an unknown god.
  1804 | D:3      | Reached XP level 6. HP: 52/59 MP: 1/5
  2221 | D:4      | Reached skill level 7 in Unarmed Combat
  2253 | D:5      | Entered Level 5 of the Dungeon
  2424 | D:5      | Found a staircase to the Ecumenical Temple.
  2429 | Temple   | Entered the Ecumenical Temple
  2655 | D:5      | Noticed a yak
  2658 | D:5      | Noticed a yak
  2660 | D:5      | Noticed a yak
  2662 | D:5      | Noticed a yak
  2664 | D:5      | Noticed a yak
  2666 | D:5      | Killed a yak
  2671 | D:5      | Killed a yak
  2671 | D:5      | Reached skill level 8 in Unarmed Combat
  2671 | D:5      | Reached XP level 7. HP: 56/66 MP: 6/6
  2676 | D:5      | Killed a yak
  2676 | D:5      | Reached skill level 9 in Unarmed Combat
  2681 | D:5      | Killed a yak
  2685 | D:5      | Killed a yak
  2685 | D:5      | Reached XP level 8. HP: 42/74 MP: 7/7
  2781 | D:5      | Found a burning altar of Makhleb.
  2782 | D:5      | Noticed a green death
  2784 | D:5      | Found a glowing silver altar of Zin.
  2784 | D:5      | Noticed an angel
  2795 | D:5      | Reached skill level 10 in Unarmed Combat
  3172 | D:5      | Reached skill level 11 in Unarmed Combat
  3502 | D:6      | Reached XP level 9. HP: 44/84 MP: 8/8
  3772 | D:6      | Reached skill level 5 in Fighting
  4262 | D:7      | Gained mutation: You are resistant to electric shocks. (rElec) [mutagenic meat]
  4263 | D:7      | Gained mutation: Your mind is acute. (Int +2) [mutagenic meat]
  4283 | D:7      | Found Gulirch's Food Shop.
  4676 | D:8      | Noticed a two-headed ogre
  4677 | D:8      | Noticed Grum
  4680 | D:8      | Demolished by a two-headed ogre

Vault maps used:
D:1:      scummos_arrival_star, serial_forest, infiniplex_forest_lined_3,
          infiniplex_forest_end_1, infiniplex_forest_straight_2,
          infiniplex_forest_clump_long, infiniplex_forest_clump_curved,
          infiniplex_forest_zigzag_1
D:2:      fiery_altar_vehumet, tgw_kikubaaqudgha, uniq_jessica, uniq_robin,
          uniq_natasha
D:3:      gammafunk_temple_overflow_forgotten,
          chequers_ecumenical_altar_simple_redux, serial_bayou_ford_a
D:4:      old_forge, fountainhead, uniq_eustachio
D:5:      grunt_temple_overflow_order_and_chaos_2,
          minmay_temple_entry_glassed_door, first_bread, st_stairs_7,
          minmay_misc_feat_four_crosses
D:7:      serial_shops, shop
D:8:      kennysheep_spiral_hall, enter_ossuary_5, minmay_misc_feat_columns,
          hangedman_ranch, uniq_grum
Temple:   regret_index_temple_sphere_string

Skill      XL: |  1  2  3  4  5  6  7  8  9 |
---------------+----------------------------+-----
Unarmed Combat | 4 5 6 8 9 11 | 11.9
Fighting       | 4 6 |  6.4
Dodging        | |  2.4
Stealth        | |  1.0

Action                   |  1- 3 |  4- 6 |  7- 9 || total
-------------------------+-------+-------+-------++-------
Melee: Unarmed           |    67 |   118 |   231 ||   416
       Punch             |     1 |     4 |    16 ||    21
  Use: Scroll            |       |     4 |     3 ||     7
       Potion            |       |       |     4 ||     4
 Stab: Sleeping          |     3 |     7 |     4 ||    14
  Eat: Chunk             |    13 |    17 |    21 ||    51
Armor: Robe              |    30 |    37 |    53 ||   120
Dodge: Dodged            |    27 |    53 |   113 ||   193
